 Dungeon Crawl Stone Soup version 0.31-a0-1074-g0b22e4e0f1 (webtiles) character file.

Game seed: 9159432517524545178

25996 grandjackal the Fighter (level 12, -11/105 HPs)
             Began as a Demonspawn Gladiator on Nov 29, 2023.
             Was a Believer of Trog.
             Killed by divine providence
             ... invoked by a meliai
              (12 damage)
             ... on level 14 of the Dungeon.
             The game lasted 00:19:13 (12012 turns).

grandjackal the Fighter (Demonspawn Gladiator)     Turns: 12012, Time: 00:19:13

Health: -11/105    AC: 19    Str: 20    XL:     12   Next: 94%
Magic:  12/12      EV: 23    Int:  9    God:    Trog [**....]
Gold:   734        SH:  0    Dex: 19    Spells: 11/11 levels left

rFire   + . .        a - +1 long sword
rCold   . . .        (no shield)
rNeg    . . .        v - +1 troll leather armour
rPois   .            c - +1 helmet
rElec   +            (cloak unavailable)
rCorr   .            y - +2 pair of gloves
SInv    .            W - +1 pair of boots "Zivazuuli" {Slay+2}
Will    .....        (no amulet)
Stlth   +            I - +4 ring of protection
HPRegen 1.17/turn    x - ring of Siat Quphao {rElec rF+ Str+4}
MPRegen 0.13/turn

%: no passive effects
@: agile
A: icy blue scales 2, powered by pain 2, spiny 1, weakness stinger 3
a: Renounce Religion, Berserk, Trog's Hand


You were on level 14 of the Dungeon.
You worshipped Trog.
Trog was pleased with you.
You visited 2 branches of the dungeon, and saw 15 of its levels.
You also visited: Gauntlet.

You collected 842 gold pieces.
You spent 108 gold pieces at shops.

Inventory:

Hand Weapons
 a - a +1 long sword (weapon)
 M - a +0 rapier of electrocution
Missiles
 d - 2 throwing nets (quivered)
 e - 17 javelins
Armour
 b - a +0 leather armour
 c - a +1 helmet (worn)
 v - a +1 troll leather armour (worn)
 y - a +2 pair of gloves (worn)
 O - a +1 ring mail of cold resistance
 W - the +1 pair of boots "Zivazuuli" (worn) {Slay+2}
   (You found it in a Gauntlet)

   Slay+2:    It affects your accuracy & damage with ranged weapons and melee
   (+2).
Jewellery
 g - the ring of the Sun {MP+9 Str+6 Int+2}
   (You found it on level 8 of the Dungeon)

   [ring of magical power]

   Str+6:     It affects your strength (+6).
   Int+2:     It affects your intelligence (+2).
   MP+9:      It affects your magic capacity (+9).
 x - the ring of Siat Quphao (right hand) {rElec rF+ Str+4}
   (You found it in a Gauntlet)

   [ring of protection from fire]

   Str+4:     It affects your strength (+4).
   rF+:       It protects you from fire.
   rElec:     It insulates you from electricity.
 G - a ring of protection from cold
 H - a ring of positive energy
 I - a +4 ring of protection (left hand)
 Q - a ring of willpower
 T - a ring of positive energy
 V - a ring of fire
Wands
 i - a wand of polymorph (11)
 L - a wand of flame (19)
 N - a wand of roots (16)
 R - a wand of quicksilver (2)
 S - a wand of mindburst (11)
Scrolls
 j - 2 scrolls of amnesia {unknown}
 m - 12 scrolls of teleportation
 p - 2 scrolls of enchant armour
 r - 5 scrolls of fog {unknown}
 s - 3 scrolls of poison
 t - 3 scrolls of enchant weapon
 C - a scroll of torment {unknown}
 D - a scroll of noise {unknown}
 E - a scroll of silence
 F - 2 scrolls of immolation {unknown}
 K - a scroll of blinking
 P - a scroll of revelation
Potions
 f - 2 potions of haste
 h - a potion of invisibility
 k - 5 potions of mutation
 l - 5 potions of heal wounds
 n - a potion of enlightenment
 o - 4 potions of attraction
 q - 3 potions of brilliance
 u - a potion of magic
 w - 3 potions of resistance
 z - a potion of ambrosia
 A - a potion of curing
 B - a potion of berserk rage
 J - 2 potions of might
 U - a potion of cancellation


   Skills:
 + Level 13.1 Fighting
 + Level 12.0 Long Blades
 - Level 2.0 Throwing
 + Level 6.2 Armour
 - Level 10.3 Dodging


You had 11 spell levels left.
You didn't know any spells.
Your spell library contained the following spells:

 Spells                   Type           Power      Damage    Failure   Level
 Magic Dart               Conj           0%         1d3       43%         1
 Sting                    Tmut/Pois      0%         1d3       43%         1
 Call Imp                 Summ           0%         N/A       56%         2
 Poisonous Vapours        Pois/Air       0%         N/A       56%         2
 Wereblood                Tmut           0%         N/A       56%         2
 Call Canine Familiar     Summ           0%         N/A       80%         3
 Gell's Gravitas          Tloc           0%         N/A       80%         3
 Inner Flame              Hex/Fire       0%         N/A       80%         3
 Mephitic Cloud           Conj/Pois/Air  0%         N/A       80%         3
 Sigil of Binding         Hex            0%         N/A       80%         3
 Teleport Other           Tloc           0%         N/A       80%         3
 Dimensional Bullseye     Hex/Tloc       0%         N/A       99%         4
 Flame Wave               Conj/Fire      0%         2d4       99%         4
 Leda's Liquefaction      Hex/Erth       0%         N/A       99%         4
 Olgreb's Toxic Radiance  Pois           0%         N/A       99%         4
 Sticky Flame             Conj/Fire      0%         2d3       99%         4
 Irradiate                Conj/Tmut      0%         3d11      100%        5
 Dispersal                Tloc           0%         N/A       100%        6


Dungeon Overview and Level Annotations

Branches:
Dungeon (14/15)            Temple (1/1) D:7            Lair (0/5) D:8
    Orc (0/2) D:11        Gauntlet (visited)
 Vaults: D:13-14

Altars:
Ashenzari
Cheibriados
Dithmenos
Fedhas
Gozag
Hepliaklqana
Kikubaaqudgha
Makhleb
Nemelex Xobeh
Okawaru
Qazlal
Ru
Sif Muna
Trog
Uskayaw
Vehumet
Wu Jian
Xom
Yredelemnul

Shops:
D:5 :   D:6 (*   D:12 (

Portals:
Abyss: D:8

Annotations:
D:3 3 runed translucent doors, sammy202020's ghost, weakling MiFi
D:4 3 runed translucent doors, Pokonic1's ghost, amateur DsFE
D:8 2 transporters, ojifijod's ghost, novice TrSh
D:13 2 transporters, Grendle's ghost, journeyman DrSh


Innate Abilities, Weirdness & Mutations

You are mostly covered in icy blue scales. (AC +3)
You sometimes gain power by taking damage.
You are partially covered in sharp spines.
You have a sharp stinger which inflicts weakening toxins.


Message History

The meliai simulacrum misses you.
The meliai simulacrum closely misses you.
The orc barely misses you.
You slash the meliai simulacrum!
The meliai simulacrum vaporises!
Trog accepts your kill.
The cyclops throws a large rock.
The large rock hits you.
The orc knight roars a battlecry!
The orcs go into a battle-frenzy!
The orc warrior hits you with a +0 hand axe!
A boulder beetle comes into view.
The orc warrior attacks as it pursues you!
The orc warrior is struck by your spines.
The orc warrior hits you with a +0 hand axe.
The meliai calls down the wrath of its god upon you.
Something smites you!
The cyclops throws a large rock.
The large rock barely misses you.
The orc warrior attacks as it pursues you!
The orc warrior hits you with a +0 hand axe!
The centaur warrior wields a +0 shortbow.
The centaur warrior shoots an arrow.
The arrow completely misses you.
The orc warrior hits you with a +0 hand axe.
The meliai calls down the wrath of its god upon you.
Something smites you!
You focus on the pain.
You feel agile all of a sudden.
The meliai mumbles some strange prayers to its god against you.
Something smites you!
* * * LOW HITPOINT WARNING * * *
The meliai calls down the wrath of its god upon you.
Something smites you!
* * * LOW HITPOINT WARNING * * *
The orc warrior attacks as it pursues you!
The orc warrior is struck by your spines.
The orc warrior hits you but does no damage.
The meliai calls down the wrath of its god upon you.
Something smites you!
* * * LOW HITPOINT WARNING * * *
The meliai mumbles some strange prayers to its god against you.
Something smites you!
You die...

#######.#..#.#####..
#.#..........#
#..##.#..#.##..#
#.#.#.#..#.# .#
#..#.##..##. #
#.....#..# ..
#######..#######
#..#.....# ...
##@##.....# ....
#...y.....# ##....
#...o.T...#+#......
#..................
#####..yo..........
#...c.B........
#....H.........
#.....C........
#..............


You could see an orc knight, a centaur warrior, a manticore, a troll, an orc
warrior (strong) and 2 meliai.

Vanquished Creatures
  A minotaur (Gauntlet)
  An ogre mage (D:14)
  A catoblepas (Gauntlet)
  8 two-headed ogres
  A centaur warrior (D:14)
  A boulder beetle (D:11)
  Urug (D:11)
  A skeletal warrior (D:14)
  An orc knight (D:14)
  2 arcanists
  Pikel (D:9)
  An ugly thing (D:12)
  A deep elf pyromancer (D:13)
  2 cyclopes
  A manticore (D:11)
  2 molten gargoyles (Gauntlet)
  A gargoyle (Gauntlet)
  An unseen horror (D:11)
  4 centaur skeletons (D:14)
  A kobold demonologist (D:11)
  A queen bee (Gauntlet)
  2 trolls
  A polar bear (D:10)
  Prince Ribbit (D:7)
  2 centaur simulacra (D:10)
  8 slime creatures
  A wraith (D:13)
  7 yaks (D:10)
  A basilisk (D:13)
  2 wyverns
  9 vampire mosquitoes (D:13)
  3 wargs (D:8)
  A steam dragon (D:8)
  2 acid dragons
  A water moccasin (D:6)
  2 meliai simulacra
  6 orc warriors
  A black bear (D:5)
  An ice beast (D:6)
  2 sky beasts
  2 ogres
  2 wolves (D:10)
  3 centaurs
  A phantom (D:5)
  2 kobold brigands (D:7)
  4 bullfrogs
  2 gnoll sergeants
  A scorpion (D:5)
  10 wights
  15 killer bees
  3 howler monkeys
  2 electric eels
  A jelly (D:5)
  3 hounds
  8 orc priests
  Jessica (D:3)
  4 iguanas
  10 orc wizards
  A mummy (D:8)
  7 adders
  8 gnolls
  A shadow imp (Gauntlet)
  4 white imps
  2 ufetubi (D:10)
  A worm (D:2)
  2 dart slugs
  28 orcs
  5 ball pythons
  10 bats
  5 endoplasms
  2 giant cockroaches
  19 goblins
  17 hobgoblins
  10 jackals
  8 quokkas
  4 frilled lizards
  16 kobolds
  2 rats
313 creatures vanquished.

Notes
Turn   | Place    | Note
-------+----------+-------------------------------------------
     0 | D:1      | grandjackal the Demonspawn Gladiator began the quest for
                  | the Orb.
     0 | D:1      | Reached XP level 1. HP: 16/16 MP: 1/1
    69 | D:1      | Gained mutation: You are partially covered in sharp spines.
                  | [demonic ancestry]
    69 | D:1      | Reached XP level 2. HP: 16/22 MP: 2/2
   237 | D:1      | Gained mutation: You sometimes gain a little power by
                  | taking damage. [demonic ancestry]
   237 | D:1      | Reached XP level 3. HP: 28/28 MP: 3/3
   779 | D:2      | Gained mutation: You are partially covered in icy blue
                  | scales. (AC +2) [demonic ancestry]
   779 | D:2      | Reached XP level 4. HP: 34/34 MP: 4/4
   781 | D:2      | Reached skill level 3 in Fighting
   915 | D:2      | Found a hide-covered altar of Uskayaw.
  1052 | D:3      | Noticed Jessica
  1066 | D:3      | Killed Jessica
  1341 | D:3      | Reached XP level 5. HP: 41/41 MP: 5/5
  1838 | D:3      | Identified the +1 war axe of the Dragonfly {flame, Drain
                  | +Blink rN+++ SInv}
  1981 | D:3      | Found a runed translucent gate.
  1983 | D:3      | Found a runed translucent gate.
  1983 | D:3      | Noticed sammy202020's ghost (weakling MiFi)
  1984 | D:3      | Found a runed translucent gate.
  2207 | D:4      | Found a radiant altar of Vehumet.
  2763 | D:4      | Found a runed translucent gate.
  2764 | D:4      | Found a runed translucent gate.
  2764 | D:4      | Found a runed translucent gate.
  2766 | D:4      | Noticed Pokonic1's ghost (amateur DsFE)
  2768 | D:4      | Identified the +6 plate armour of the Dull Jackalope {rF++
                  | Dex+6}
  2768 | D:4      | Noticed an orc warrior
  2954 | D:5      | Entered Level 5 of the Dungeon
  2954 | D:5      | Noticed a phantom
  2959 | D:5      | Gained mutation: You have a small tail. [demonic ancestry]
  2959 | D:5      | Reached XP level 6. HP: 48/48 MP: 6/6
  2965 | D:5      | Reached skill level 4 in Fighting
  3183 | D:5      | Gained mutation: You have a tail ending in a sharp stinger.
                  | [demonic ancestry]
  3183 | D:5      | Reached XP level 7. HP: 51/55 MP: 7/7
  3269 | D:5      | Found Aduserufuexa's Book Emporium.
  3455 | D:5      | Reached skill level 5 in Dodging
  3483 | D:6      | Found Saum's Assorted Antiques.
  3489 | D:6      | Reached skill level 5 in Fighting
  3497 | D:6      | Bought a scroll labelled LYSYCR PAQU for 27 gold pieces
  3497 | D:6      | Bought 2 scrolls labelled GEAX UZEIMED for 54 gold pieces
  3497 | D:6      | Bought a scroll labelled ZAPROXZ QOEKK for 27 gold pieces
  3534 | D:6      | Reached skill level 5 in Long Blades
  3713 | D:6      | Noticed Prince Ribbit
  3727 | D:7      | Killed Prince Ribbit
  3728 | D:7      | Reached XP level 8. HP: 42/64 MP: 8/8
  3808 | D:6      | Reached skill level 6 in Fighting
  4061 | D:6      | Found a stormy altar of Qazlal.
  4127 | D:6      | Found Ujetut's Weapon Shop.
  4348 | D:7      | HP: 3/65 [poisoned by a gnoll sergeant]
  4722 | D:7      | Found a staircase to the Ecumenical Temple.
  4759 | Temple   | Entered the Ecumenical Temple
  4860 | D:7      | Reached skill level 7 in Fighting
  4953 | D:7      | Gained mutation: You sometimes gain power by taking damage.
                  | [demonic ancestry]
  4953 | D:7      | Reached XP level 9. HP: 22/72 MP: 9/9
  5125 | D:7      | Found a sacrificial altar of Ru.
  5207 | D:7      | Found a shadowy altar of Dithmenos.
  5698 | D:8      | Identified the ring of the Sun {MP+9 Str+6 Int+2}
  5863 | D:8      | Reached skill level 8 in Fighting
  5880 | D:8      | Noticed a two-headed ogre
  6128 | D:8      | Found a transporter.
  6160 | D:8      | Found a transporter.
  6171 | D:8      | Killed a two-headed ogre
  6172 | D:8      | Gained mutation: You have a sharp stinger which inflicts
                  | weakening toxins. [demonic ancestry]
  6172 | D:8      | Reached XP level 10. HP: 23/82 MP: 10/10
  6518 | D:8      | Found a staircase to the Lair.
  6677 | D:8      | Found a one-way gate to the infinite horrors of the Abyss.
  6677 | D:8      | Noticed ojifijod's ghost (novice TrSh)
  6740 | D:8      | Noticed a thrashing horror
  6908 | D:9      | Reached skill level 9 in Fighting
  7005 | D:9      | Found a bloodstained altar of Trog.
  7017 | D:9      | Became a worshipper of Trog the Wrathful
  7022 | D:9      | Found a shimmering blue altar of Sif Muna.
  7077 | D:9      | Noticed Pikel
  7086 | D:9      | Killed Pikel
  7663 | D:9      | Found a hazy altar of Hepliaklqana.
  7770 | D:10     | Entered Level 10 of the Dungeon
  7872 | D:10     | Noticed a two-headed ogre
  7881 | D:10     | Killed a two-headed ogre
  7895 | D:10     | Noticed a two-headed ogre
  7899 | D:10     | Killed a two-headed ogre
  7900 | D:10     | Reached skill level 10 in Fighting
  8190 | D:10     | Gained mutation: You are mostly covered in icy blue scales.
                  | (AC +3) [demonic ancestry]
  8190 | D:10     | Reached XP level 11. HP: 91/91 MP: 11/11
  8372 | D:10     | Reached * piety under Trog
  8668 | D:11     | Noticed a boulder beetle
  8716 | D:11     | Killed a boulder beetle
  8815 | D:11     | Noticed Urug
  8936 | D:11     | Noticed a two-headed ogre
  8942 | D:11     | Killed a two-headed ogre
  8954 | D:11     | Killed Urug
  8955 | D:11     | Reached skill level 10 in Long Blades
  8955 | D:11     | Reached skill level 10 in Dodging
  9298 | D:11     | Reached skill level 11 in Fighting
  9746 | D:11     | Found a staircase to the Orcish Mines.
  9821 | D:12     | Noticed a red ugly thing
  9824 | D:12     | Noticed a two-headed ogre
  9841 | D:12     | Killed a two-headed ogre
  9842 | D:12     | Reached skill level 1 in Armour
  9849 | D:12     | Killed a red ugly thing
  9898 | D:12     | Found Suskukk's Antique Weapon Emporium.
 10533 | D:13     | Reached XP level 12. HP: 93/101 MP: 12/12
 10621 | D:13     | Found a gate leading to a gauntlet.
 10626 | Gauntlet | Entered a Gauntlet
 10626 | Gauntlet | Found a transporter.
 10628 | Gauntlet | Found a runed translucent door.
 10631 | Gauntlet | Found a transporter.
 10631 | Gauntlet | Found a transporter.
 10645 | Gauntlet | Found a transporter.
 10663 | Gauntlet | Found a transporter.
 10664 | Gauntlet | Found a transporter.
 10668 | Gauntlet | Noticed a death scarab
 10668 | Gauntlet | Noticed a catoblepas
 10669 | Gauntlet | Noticed a death scarab
 10675 | Gauntlet | Found a transporter.
 10690 | Gauntlet | Found a transporter.
 10708 | Gauntlet | Found a transporter.
 10717 | Gauntlet | Noticed a death scarab
 10718 | Gauntlet | Found a transporter.
 10718 | Gauntlet | Noticed a death scarab
 10733 | Gauntlet | Found a transporter.
 10749 | Gauntlet | Found a transporter.
 10850 | Gauntlet | Identified the ring of Siat Quphao {rElec rF+ Str+4}
 10868 | Gauntlet | Found a transporter.
 10909 | Gauntlet | Killed a catoblepas
 10910 | Gauntlet | Reached skill level 12 in Fighting
 10945 | Gauntlet | Found a transporter.
 10958 | Gauntlet | Identified the +1 rapier of Magnificence {freeze, rPois
                  | Int-4 SInv}
 10962 | Gauntlet | Identified the +1 pair of boots "Zivazuuli" {Slay+2}
 11039 | Gauntlet | Identified the ring "Wuitsutz" {Int+6 Dex+3}
 11039 | Gauntlet | Noticed a minotaur
 11052 | Gauntlet | Killed a minotaur
 11173 | D:13     | Found a bloodstained altar of Trog.
 11173 | D:13     | Noticed Grendle's ghost (journeyman DrSh)
 11174 | D:13     | Noticed a two-headed ogre
 11180 | D:13     | Found a transporter.
 11197 | D:13     | Found a transporter.
 11569 | D:13     | Reached ** piety under Trog
 11751 | D:14     | Reached skill level 5 in Armour
 11773 | D:14     | Noticed a two-headed ogre
 11795 | D:14     | Noticed a two-headed ogre
 11795 | D:14     | Noticed an ogre mage
 11804 | D:14     | Killed a two-headed ogre
 11821 | D:14     | Killed a two-headed ogre
 11841 | D:14     | Noticed a centaur warrior
 11854 | D:14     | Killed a centaur warrior
 11863 | D:14     | Noticed a two-headed ogre
 11865 | D:14     | Killed an ogre mage
 11882 | D:14     | Reached skill level 13 in Fighting
 11886 | D:14     | Killed a two-headed ogre
 11998 | D:14     | Noticed a centaur warrior
 12004 | D:14     | Noticed a boulder beetle
 12012 | D:14     | HP: 1/105 [meliai/divine providence (13)]
 12012 | D:14     | Killed from afar by a meliai

Illustrated notes

Levels and vault maps discovered:
D:1:      elethiomel_arrival_shortcut, layout_rooms, minmay_pentomino_w4
D:2:      kennysheep_the_goblin_king, layout_rooms, basic_altar,
          kennysheep_generic_room_13
D:3:      minmay_recursive_quarters, layout_basic, elyvilon_altar_3,
          gammafunk_ghost_nasty_kobolds, uniq_jessica
D:4:      layout_basic, mainiacjoe_overflow_six_doors_small,
          biasface_ghost_orc_armoury, serial_aquarium,
          aquarium_bridge_island_large [aquarium_subvault_large_open,
          aquarium_subvault_wall, aquarium_subvault_wall,
          aquarium_subvault_bridge, aquarium_subvault_balcony],
          aquarium_bridge_long_separate [aquarium_subvault_bridge,
          aquarium_subvault_bridge, aquarium_subvault_wall,
          aquarium_subvault_bridge, aquarium_subvault_bridge,
          aquarium_subvault_window], aquarium_window_1, aquarium_window_2,
          aquarium_view_2c, aquarium_pool_2, kennysheep_another_room,
          nrook_mini_backslash
D:5:      layout_rooms, serial_shops, shop, dreamdust_princess_bridge
D:6:      layout_rooms, mainiacjoe_overflow_surrounded_room, serial_shops,
          nicolae_shop_bloodbath_and_beyond, nicolae_shop_stone,
          corner_web_ring, uniq_prince_ribbit1
D:7:      layout_basic, nicolae_overflow_squiral, minmay_temple_entry_offerings,
          billiards_dpeg
D:8:      layout_cave_pools, erik_lair_orcish_takeover,
          gammafunk_ghost_abyssal_escape, gup_ossuary_entry_pyramid
D:9:      layout_loops_ring, minmay_overflow_temple_star_quad,
          nicolae_hepliaklqana_hippocampus, uniq_pikel
D:10:     layout_roguey, serial_ice, serial_ice_l, serial_ice_e, serial_ice_g,
          serial_ice_n, eino_tiny_chamber
D:11:     layout_long_grid, orc_0_dummy, uniq_urug
D:12:     layout_rooms, serial_shops, nicolae_stop_n_shop_1, evilmike_butchery
D:13:     layout_long_grid, gauntlet_entry_generic,
          gammafunk_ghost_wrathful_warriors
D:14:     layout_irregular_city, hangedman_vaults_entry_quadrant_bands,
          serial_library_hellmonk_open_square, minmay_ruined_shrine,
          uniq_josephine
Temple:   cyrus_circular_temple

Skill      XL: |  1  2  3  4  5  6  7  8  9 10 11 12 |
---------------+-------------------------------------+-----
Throwing       | 2 |  2.0
Dodging        | 3 4 5 6 8 9 10 | 10.3
Long Blades    | 3 4 5 6 8 9 10 12 | 12.0
Fighting       | 3 4 5 7 8 10 11 13 | 13.1
Armour         | 3 6 |  6.2

Action                     |  1- 3 |  4- 6 |  7- 9 | 10-12 || total
---------------------------+-------+-------+-------+-------++-------
  Melee: Long sword        |    87 |   121 |   216 |   528 ||   952
         Tailslap          |       |     6 |    29 |   115 ||   150
         Punch             |       |       |       |     5 ||     5
  Throw: Throwing net      |       |       |       |     1 ||     1
 Invoke: Berserk           |       |       |       |     9 ||     9
  Evoke: Wand              |       |       |     1 |     5 ||     6
    Use: Potion            |       |       |     5 |     1 ||     6
         Scroll            |       |       |    12 |     7 ||    19
   Stab: Sleeping          |       |     1 |       |       ||     1
 Armour: Leather armour    |    48 |    74 |   158 |    19 ||   299
         Ring mail         |       |       |       |   215 ||   215
         Troll leather arm |       |       |       |    97 ||    97
  Dodge: Dodged            |    69 |    85 |   189 |   411 ||   754

Table legend: (Time is in decaauts)
 A = Elapsed time spent in this place.
 B = Non-inter-level travel time spent in this place.
 C = Inter-level travel time spent in this place.
 D = Time resting spent in this place.
 E = Time spent auto-exploring this place.
 F = Levels seen in this place.
 G = Mean time per level.
                   A        B        C        D        E       F      G
               +--------+--------+--------+--------+--------+-----+--------+
         Total |  12501 |  12103 |    398 |   3194 |   6089 |  16 |  781.3 |
       Dungeon |  11998 |  11600 |    398 |   3061 |   6089 |  14 |  857.0 |
        Temple |     17 |     17 |      0 |      0 |      0 |   1 |   17.0 |
      Gauntlet |    485 |    485 |      0 |    132 |      0 |   1 |  485.0 |
               +--------+--------+--------+--------+--------+-----+--------+

Top non-repeatable levels by time:
     D:7: 1583 daAuts
     D:3: 1097 daAuts
     D:9: 1058 daAuts
    D:11: 1050 daAuts
    D:10: 1036 daAuts
     D:6: 1000 daAuts
     D:8: 889 daAuts
     D:4: 877 daAuts
    D:13: 818 daAuts
     D:5: 607 daAuts
     D:1: 586 daAuts
    D:12: 585 daAuts
     D:2: 487 daAuts
Gauntlet: 485 daAuts
    D:14: 318 daAuts
